 Dungeon Crawl Stone Soup version 0.32-a0-931-g5a2cda0630 (webtiles) character file.

Game seed: 535430857462893875

464402 RBrandon the Pyromancer (level 23, -15/205 HPs)
             Began as a Mountain Dwarf Fire Elementalist on Apr 13, 2024.
             Was a High Priest of Beogh.
             Killed by an exploding ball lightning (39 damage)
             ... on level 1 of a ziggurat on Apr 14, 2024.
             The game lasted 03:20:48 (58162 turns).

RBrandon the Pyromancer (MDFE)                     Turns: 58162, Time: 03:20:48

Health: -15/205    AC: 34    Str: 12    XL:     23   Next: 13%
Magic:  8/38       EV: 11    Int: 35    God:    Beogh [*****.]
Gold:   3893       SH: 13    Dex: 10    Spells: 10/45 levels left

rFire   + + .        a - +16 lance "Wyrmbane" {slay drac, rPois rF+ rC+ AC+3}
rCold   + . .        U - +1 kite shield {AC+3}
rNeg    . . .        D - quicksilver dragon scales
rPois   +            r - +2 helmet
rElec   .            Z - +2 cloak {Will+}
rCorr   .            (no gloves)
SInv    .            v - +2 pair of boots "Zaceza" {rPois rC+ Will+ Int+3}
Will    +++++        H - amulet of the acrobat
Stlth   +            p - ring of fire
HPRegen 0.54/turn    e - +6 ring of intelligence
MPRegen 0.26/turn

%: acrobat
@: studying 2 skills
A: walk on water, runic magic, artefact enchanting
}: 3/15 runes: decaying, serpentine, silver
a: Renounce Religion, Smiting, Recall Apostles, Blood for Blood, Dismiss Ugrim,
warrior, Dismiss Bogwald, warrior, Dismiss Hilgar, priest


You were on level 1 of a ziggurat.
You worshipped Beogh.
Beogh was extremely pleased with you.
You visited 7 branches of the dungeon, and saw 38 of its levels.
You visited 1 ziggurat, and saw 1 of its levels.
You also visited: Bailey and Ice Cave.

You collected 5653 gold pieces.
You spent 1760 gold pieces at shops.

Inventory:

Hand Weapons
 a - the +16 lance "Wyrmbane" (weapon) {slay drac, rPois rF+ rC+ AC+3}
   (You took it off Margery on level 2 of the Vaults)

   AC+3:      It affects your AC (+3).
   rF+:       It protects you from fire.
   rC+:       It protects you from cold.
   rPois:     It protects you from poison.
Missiles
 P - a throwing net
Armour
 r - a +2 helmet (worn)
 v - the +2 pair of boots "Zaceza" (worn) {rPois rC+ Will+ Int+3}
   (You found it on level 3 of the Dungeon)

   Int+3:     It affects your intelligence (+3).
   rC+:       It protects you from cold.
   rPois:     It protects you from poison.
   Will+:     It increases your willpower.
 D - quicksilver dragon scales (worn)
 U - a +1 kite shield of protection (worn)
   (You took it off a naga warrior on level 1 of the Snake Pit)
 Y - the +1 scale mail "Jorai" {*Corrode rF+ Dex+7 Stlth+}
   (You bought it in a shop on level 2 of the Orcish Mines)

   Dex+7:     It affects your dexterity (+7).
   rF+:       It protects you from fire.
   *Corrode:  It may corrode you when you take damage.
   Stlth+:    It makes you more stealthy.
 Z - a +2 cloak of willpower (worn)
   (You bought it in a shop on level 3 of the Snake Pit)
Magical Staves
 b - the staff of Ostyat {rF+ Dex+4 SInv Fire Air}
   (You took it off a yaktaur on level 5 of the Vaults)

   [staff of fire]

   Base accuracy: +5 Base damage: 5 Base attack delay: 1.2 This weapon's minimum
   attack delay (0.6) is reached at skill level 12.
   Dex+4:     It affects your dexterity (+4).
   rF+:       It protects you from fire.
   SInv:      It lets you see invisible.
   Fire:      It increases the power of your Fire spells.
   Air:       It increases the power of your Air spells.
   It falls into the 'Staves' category.
   It is a one-handed weapon.
Jewellery
 c - a +5 ring of evasion
 e - a +6 ring of intelligence (right hand)
 p - a ring of fire (left hand)
 t - the amulet of Lesser Demons {Reflect rF+ Str+5 Dex+2 Slay-2 SH+5}
   (You found it on level 1 of the Depths)

   [amulet of reflection]

   Reflect:   It reflects blocked missile attacks.
   Str+5:     It affects your strength (+5).
   Dex+2:     It affects your dexterity (+2).
   Slay-2:    It affects your accuracy & damage with ranged weapons and melee
   (-2).
   rF+:       It protects you from fire.
   SH+5:      It affects your SH (+5).
 y - the ring of the Heavens {Fly Int+3}
   (You took it off a yaktaur captain on level 2 of the Vaults)

   [ring of flight]

   Int+3:     It affects your intelligence (+3).
   Fly:       It grants you flight.
 E - a ring of fire
 F - a ring of poison resistance
 H - an amulet of the acrobat (around neck)
 L - an amulet of regeneration
 Q - a ring of resist corrosion
 W - a ring of protection from cold
 X - a ring of willpower
Wands
 m - a wand of iceblast (28)
 w - a wand of light (5)
 A - a wand of digging (8)
 R - a wand of polymorph (28)
 T - a wand of charming (37)
Scrolls
 i - a scroll of enchant armour
 n - 5 scrolls of silence
 q - 13 scrolls of teleportation
 s - 3 scrolls of amnesia
 u - 10 scrolls of blinking
 x - 7 scrolls of vulnerability
 C - 4 scrolls of poison
 G - 5 scrolls of fog
 I - 10 scrolls of immolation
 O - 5 scrolls of fear
 S - 4 scrolls of noise
Potions
 d - 5 potions of heal wounds
 f - 3 potions of invisibility
 g - 16 potions of curing
 h - 2 potions of magic
 j - 6 potions of resistance
 l - 7 potions of brilliance
 o - 7 potions of enlightenment
 z - 11 potions of haste
 B - 9 potions of might
 J - 4 potions of mutation
 K - 3 potions of berserk rage
 N - a potion of cancellation
 V - 3 potions of ambrosia
Miscellaneous
 k - a phial of floods


   Skills:
 + Level 17.1 Fighting
 - Level 12.0 Polearms
 + Level 18.5 Armour
 + Level 9.3 Dodging
 - Level 1.5 Stealth
 - Level 15.0 Shields
 - Level 11.9 Spellcasting
 - Level 5.2 Conjurations
 - Level 22.8 Fire Magic
 - Level 8.9 Alchemy
 + Level 18.4 Invocations
 - Level 8.0 Evocations


You had 10 spell levels left.
You knew the following spells:

 Your Spells              Type           Power      Damage    Failure   Level
a - Ignition              Fire           67%        3d18      2%          8
b - Scorch                Fire           100%       2d9       0%          2
c - Inner Flame           Hex/Fire       100%       N/A       1%          3
d - Volatile Blastmotes   Fire/Tloc      100%       2d18      1%          3
e - Flame Wave            Conj/Fire      100%       2d21      1%          4
f - Sticky Flame          Fire/Alch      100%       2d15      1%          4
g - Irradiate             Conj/Alch      31%        3d22      7%          5
h - Starburst             Conj/Fire      54%        6d15      2%          6

Your spell library contained the following spells:

 Spells                   Type           Power      Damage    Failure   Level
 Foxfire                  Conj/Fire      100%       2x1d9     0%          1
 Kiss of Death            Conj/Necr      100%       2d13      1%          1
 Sting                    Conj/Alch      100%       1d9       1%          1
 Mephitic Cloud           Conj/Alch/Air  52%        N/A       1%          3
 Ignite Poison            Fire/Alch      100%       N/A       1%          4
 Summon Blazeheart Golem  Fire/Summ      100%       N/A       1%          4
 Fireball                 Conj/Fire      54%        3d21      1%          5
 Static Discharge         Conj/Air       78%        3-7/arc   2%          2
 Alistair's Intoxication  Alch           46%        N/A       3%          5
 Sandblast                Erth           40%        2d10      4%          1
 Slow                     Hex            80%        N/A       4%          1
 Dazzling Flash           Conj/Hex       78%        N/A       4%          3
 Stone Arrow              Conj/Erth      78%        3d11      4%          3
 Lesser Beckoning         Tloc           40%        N/A       7%          2
 Sublimation of Blood     Necr           20%        N/A       7%          2
 Petrify                  Alch/Erth      51%        N/A       7%          4
 Confusing Touch          Hex            20%        N/A       14%         3
 Maxwell's Portable Pile  Tloc           20%        2d(7-19)  14%         3
 Passwall                 Erth           20%        N/A       14%         3
 Summon Ice Beast         Ice/Summ       20%        N/A       14%         3
 Teleport Other           Tloc           20%        N/A       14%         3
 Tukima's Dance           Hex            20%        N/A       14%         3
 Vampiric Draining        Necr           20%        2d7       14%         3
 Brom's Barrelling Bould  Conj/Erth      39%        2d6       16%         4
 Iskenderun's Mystic Bla Conj/Tloc 39%            2d9        (+2d4     16%         4
 Eringya's Noxious Bog    Alch           35%        4d6       19%         6
 Arcjolt                  Conj/Air       19%        1d29      38%         5
 Anguish                  Hex/Necr       10%        N/A       41%         4
 Cause Fear               Hex            10%        N/A       41%         4
 Dimensional Bullseye     Hex/Tloc       10%        N/A       41%         4
 Vhi's Electric Charge    Tloc/Air       40%        N/A       41%         4
 Summon Forest            Summ/Tloc      10%        N/A       77%         5
 Summon Mana Viper        Hex/Summ       20%        N/A       77%         5
 Orb of Destruction       Conj           27%        9d9       99%         7
 Dispersal                Tloc           10%        N/A       100%        6
 Gell's Gavotte           Tloc           10%        2d(16-23) 100%        6
 Enfeeble                 Hex            10%        N/A       100%        7
 Manifold Assault         Tloc           10%        N/A       100%        7
 Monstrous Menagerie      Summ           10%        N/A       100%        7
 Spellforged Servitor     Conj/Summ      19%        N/A       100%        7
 Summon Hydra             Summ           10%        N/A       100%        7
 Borgnjor's Revivificati  Necr           10%        N/A       100%        8
 Discord                  Hex            10%        N/A       100%        8
 Disjunction              Tloc           10%        N/A       100%        8
 Maxwell's Capacitive Co  Air            10%        ∞         100%        8
 Fire Storm               Conj/Fire      54%        8d14      100%        9


Dungeon Overview and Level Annotations

Branches:
Dungeon (15/15)            Temple (0/1) D:7            Lair (5/5) D:11
  Swamp (4/4) Lair:3        Snake (4/4) Lair:2        Slime (0/5) Lair:4
    Orc (2/2) D:12            Elf (0/3) Orc:2        Vaults (5/5) D:14
  Crypt (0/3) Vaults:3     Depths (3/4) D:15         Bailey (visited)
  IceCv (visited)

Altars:
Ashenzari
Cheibriados
Dithmenos
Elyvilon
Makhleb
Nemelex Xobeh
Okawaru
Ru
Vehumet
Xom

Shops:
D:3 ?   D:6 *   D:7 :   Orc:1 *   Orc:2 *(=[*:=[   Snake:3 ([*[!?   Vaults:2 *
Vaults:3 (   Vaults:4 *

Portals:
Hell: Depths:1 Depths:2
Abyss: Lair:2 Depths:1 Depths:2 Depths:3
Pandemonium: Depths:2
Trove: Vaults:1 (give +6 demon blade)

Annotations:
D:5 2 runed translucent doors, avangion's ghost, novice MiFi
D:7 1 transporter
D:10 exclusion: orange crystal statue
Lair:2 2 transporters, NotBatman's ghost, journeyman TrFi
Lair:4 2 transporters, bakla's ghost, journeyman VSBr
Orc:2 3 runed translucent doors, Biggs's ghost, journeyman DjCj
Vaults:4 2 runed translucent doors, Zuiczola's ghost, adept DrAl


Innate Abilities, Weirdness & Mutations

You can walk on water.
Your facial features are unmistakably orcish.
Your spellcasting is much less encumbered by armour.
You can use scrolls of enchantment on lesser artefacts.


Message History

The ball lightning completely resists.
Gafraure burns!
The ball lightning explodes!
The blast of lightning engulfs the ball lightning.
The ball lightning completely resists.
The blast of lightning engulfs the ball lightning.
The ball lightning completely resists.
The blast of lightning engulfs Gafraure.
Gafraure completely resists.
The blast of lightning engulfs the ball lightning.
The ball lightning completely resists.
The blast of lightning engulfs you!!
* * * LOW HITPOINT WARNING * * *
The blast of lightning engulfs the ball lightning.
The ball lightning completely resists.
The blast of lightning engulfs the ball lightning.
The ball lightning completely resists.
The ball lightning explodes!
The blast of lightning engulfs you!!
* * * LOW HITPOINT WARNING * * *
The blast of lightning engulfs the ball lightning.
The ball lightning completely resists.
The blast of lightning engulfs the ball lightning.
The ball lightning completely resists.
The blast of lightning engulfs Gafraure.
Gafraure completely resists.
The blast of lightning engulfs the ball lightning.
The ball lightning completely resists.
The blast of lightning engulfs the ball lightning.
The ball lightning completely resists.
You block Gafraure's attack.
The ball lightning explodes!
The blast of lightning engulfs the ball lightning.
The ball lightning completely resists.
The blast of lightning engulfs you!!
* * * LOW HITPOINT WARNING * * *
The blast of lightning engulfs the ball lightning.
The ball lightning completely resists.
The blast of lightning engulfs Gafraure.
Gafraure completely resists.
The ball lightning explodes!
The blast of lightning engulfs Gafraure.
Gafraure completely resists.
The blast of lightning engulfs you!!!
You die...

▓▓▓▓▓▓▓▓▓
▓.......▓
▓.......▓
▓......∩▓
▓@*§.*=>▓
▓.&§§..∩▓
▓§......▓
▓.......▓
▓▓▓▓▓▓▓▓▓


You could see Gafraure (burning, combustible) and 2 ball lightnings.

Vanquished Creatures
  A dread lich (Depths:3)
  Josephina (Depths:2)
  Sojobo (Vaults:2)
  Vashnia (Snake:4)
  A caustic shrike (Depths:3)
  Norris (Vaults:2)
  A golden dragon (Depths:3)
  Nikola (Depths:2)
  Jory (Vaults:2)
  3 tentacled monstrosities
  Mlioglotl (Swamp:3)
  4 liches
  A quicksilver dragon (Depths:3)
  4 sphinxes
  A titan (Depths:3)
  A storm dragon (Vaults:5)
  2 shadow dragons (Vaults:5)
  Donald (Orc:2)
  6 tengu reavers
  Aizul (Swamp:1)
  2 fire giants (Depths:3)
  5 nagarajas
  8 vault wardens
  An iron dragon (Depths:2)
  6 frost giants
  A deep elf sorcerer (Depths:2)
  A ghoul (Swamp:3)
  15 ironbound preservers
  An orc warlord (Vaults:3)
  A formless jellyfish (Vaults:4)
  16 very ugly things
  A vampire knight (Vaults:3)
  9 ironbound thunderhulks
  5 stone giants
  6 eleionomae
  A deep elf demonologist (Vaults:5)
  A deep elf death mage (Vaults:5)
  Azrael (Orc:2)
  3 dire elephants (Vaults:4)
  A deep elf annihilator (Vaults:5)
  2 war gargoyles
  An eidolon (Vaults:3)
  6 ettins
  2 green deaths (Swamp:4)
  3 jiangshi (D:13)
  7 yaktaur captains
  7 fire dragons
  4 great orbs of eyes
  Harold (Lair:1)
  3 entropy weavers
  A shambling mangrove (Swamp:1)
  Erolcha (D:11)
  A deep elf high priest (Vaults:5)
  3 peacekeepers
  34 vault guards
  A juggernaut simulacrum (Depths:2)
  2 salamander tyrants
  3 rakshasas
  10 ice dragons
  11 hydras
  2 spriggan air magi
  6 anacondas
  8 ironbound frosthearts
  4 alligators
  7 centaur warriors
  3 deep troll shamans
  A dancing weapon (D:14)
  A boulder beetle (D:15)
  A catoblepas (D:14)
  9 death yaks
  4 ogre magi (Vaults:4)
  3 deep troll earth magi (Depths:2)
  8 two-headed ogres
  4 tengu warriors
  3 spriggan berserkers (Depths:3)
  2 vampire magi
  An orc high priest (Orc:2)
  2 occultists (Depths:2)
  9 naga warriors
  5 shock serpents
  6 naga sharpshooters
  2 iron trolls
  2 sea snakes (Snake:1)
  3 skysharks
  2 salamander mystics
  A sixfirhy (Vaults:3)
  A death drake (Swamp:4)
  10 mana vipers
  4 skeletal warriors (D:12)
  An arcanist (D:13)
  53 deep trolls
  4 naga ritualists
  16 slime creatures
  14 ironbound convokers
  2 flayed ghosts
  A spriggan druid (Swamp:2)
  5 swamp dragons
  6 bog bodies
  4 harpies (Vaults:2)
  A glowing orange brain (Vaults:1)
  3 lindwurms
  5 orc knights
  4 deep elf pyromancers
  3 necromancers
  A phantasmal warrior (Vaults:5)
  An orc sorcerer (Orc:2)
  15 ugly things
  A cyclops (Vaults:3)
  A manticore (D:11)
  2 will-o-the-wisps
  7 salamanders
  A large abomination (Swamp:4)
  2 meliai
  2 elephants (Lair:3)
  6 guardian serpents
  11 naga magi
  A fire giant skeleton (Depths:1)
  A titan simulacrum (Depths:2)
  20 black mambas
  5 kobold blastminers (Orc:2)
  6 vault sentinels
  A gargoyle (D:12)
  2 ice statues (IceCv)
  7 cane toads
  An orange demon (Vaults:1)
  3 unseen horrors
  2 ice devils (IceCv)
  A tengu conjurer (D:15)
  A kobold demonologist (D:11)
  A golden dragon simulacrum (Depths:2)
  6 komodo dragons
  19 yaktaurs
  An anaconda simulacrum (IceCv)
  A freezing wraith (Depths:3)
  2 rime drakes
  4 trolls
  A human skeleton (Vaults:3)
  10 hornets
  2 shadow dragon simulacra
  Prince Ribbit (Bailey)
  A glass eye (Depths:2)
  2 tyrant leeches
  8 dream sheep
  5 blink frogs
  A raiju (shapeshifter) (D:14)
  A stone giant simulacrum (Vaults:3)
  2 spriggan skeletons (Depths:1)
  2 vampires (D:13)
  8 spriggans
  2 shadows (Swamp:4)
  A wraith (Vaults:3)
  A culicivora (Vaults:1)
  A dire elephant simulacrum (IceCv)
  7 humans (Bailey)
  39 yaks
  2 fire elementals (Orc:2)
  A wyvern (Lair:1)
  A warg (Orc:2)
  3 basilisks
  A steam dragon (D:9)
  A redback (Vaults:1)
  6 vampire mosquitoes
  35 nagas
  A harpy simulacrum (IceCv)
  6 swamp worms
  10 water moccasins
  A hell hound (Orc:2)
  A hydra simulacrum (IceCv)
  A swamp drake (Swamp:1)
  2 ice beasts
  A glowing shapeshifter skeleton (Vaults:3)
  7 orc warriors
  6 black bears
  3 centaurs
  4 wolves
  3 ogres
  4 boggarts (Lair:4)
  A lemure (D:9)
  12 bullfrogs
  A scorpion (D:5)
  2 gnoll sergeants
  10 wights
  15 killer bees
  2 howler monkeys
  3 bombardier beetles
  A gnoll bouda (D:6)
  3 jellies
  8 orc priests
  2 iguanas
  A sleepcap (D:4)
  6 orc wizards
  3 hell rats (D:11)
  2 spriggan simulacra (IceCv)
  A wolf simulacrum (IceCv)
  Robin (D:3)
  2 adders
  18 gnolls
  A white imp (D:8)
  3 ufetubi
  3 dart slugs
  6 ribbon worms
  18 orcs
  3 ball pythons
  12 endoplasms
  6 giant cockroaches
  20 goblins
  4 hobgoblins
  2 jackals (D:4)
  3 quokkas
  6 bats
  4 frilled lizards
  11 kobolds
  3 rats
987 creatures vanquished.

Vanquished Creatures (collateral kills)
  Frederick (Vaults:3)
  A dread lich (Vaults:5)
  Mara (Depths:2)
  A juggernaut (Depths:3)
  Boris (Depths:2)
  Margery (Vaults:2)
  3 golden dragons (Vaults:5)
  A bone dragon (Depths:3)
  3 tentacled monstrosities
  2 liches
  2 titans (Vaults:5)
  3 sphinxes
  A searing wretch (Vaults:2)
  3 tengu reavers
  A storm dragon (Depths:3)
  4 shadow dragons (Vaults:5)
  3 fire giants
  4 frost giants
  A deep elf sorcerer (Vaults:5)
  An iron dragon (Depths:3)
  11 vault wardens
  10 slime creatures
  A reaper (IceCv)
  5 ironbound preservers
  An orc warlord (Vaults:3)
  3 ironbound thunderhulks
  14 stone giants
  6 very ugly things
  A formless jellyfish (Vaults:1)
  3 vampire knights
  A deep elf demonologist (Vaults:5)
  2 eleionomae
  2 deep elf death magi
  2 war gargoyles
  2 bunyips (Swamp:3)
  5 ettins
  2 entropy weavers
  3 jiangshi
  3 yaktaur captains
  A deep elf high priest (Vaults:5)
  2 fire dragons
  4 vault guards
  8 hydras
  4 great orbs of eyes
  A rakshasa (Depths:2)
  2 ice dragons (Depths:2)
  4 alligators
  A hell beast (Depths:3)
  2 centaur warriors
  3 catoblepae (Lair:5)
  A ghost crab (Swamp:4)
  7 anacondas
  An ironbound frostheart (Vaults:2)
  A tengu warrior (Depths:3)
  A dancing weapon (D:14)
  7 death yaks
  A boulder beetle (D:12)
  2 deep troll shamans
  2 occultists (Depths:1)
  4 deep troll earth magi
  An orc high priest (Orc:2)
  A vampire mage (D:15)
  2 spriggan berserkers
  3 hell knights
  11 naga sharpshooters
  A shock serpent (Snake:3)
  A sun demon (Depths:1)
  A shadow wraith (Vaults:5)
  8 naga warriors
  A sixfirhy (Vaults:3)
  5 iron trolls (Depths:3)
  A goliath frog (Swamp:4)
  2 skysharks
  3 salamander mystics
  15 deep trolls
  3 spriggan druids
  A glowing orange brain (Depths:2)
  3 arcanists
  8 bog bodies
  2 swamp dragons (Swamp:4)
  3 mana vipers
  A flayed ghost (Depths:3)
  Pikel (D:9)
  2 lindwurms
  3 necromancers
  2 phantasmal warriors (Vaults:5)
  5 ironbound convokers
  6 orc knights
  4 naga ritualists
  2 deep elf pyromancers
  9 ugly things
  A wolf spider (D:15)
  An orc sorcerer (Orc:2)
  3 manticores
  3 cyclopes
  5 salamanders
  2 elephants (Lair:3)
  3 guardian serpents
  2 kobold blastminers
  A large abomination (Swamp:4)
  2 will-o-the-wisps (Swamp:3)
  2 meliai (D:15)
  17 black mambas
  8 vault sentinels
  5 naga magi (Snake:1)
  3 cane toads (Lair:5)
  2 freezing wraiths
  2 rime drakes
  A kobold demonologist (D:10)
  16 yaktaurs
  An orange demon (Swamp:4)
  2 anaconda simulacra (IceCv)
  4 tengu conjurers
  5 komodo dragons
  4 ice devils
  A troll (Orc:2)
  5 hornets
  5 tyrant leeches
  7 blink frogs
  10 dream sheep
  A glass eye (Depths:3)
  A frost giant simulacrum (Depths:1)
  8 spriggans
  3 shadows (Swamp:4)
  2 vampires
  18 yaks
  2 basilisks (Lair:3)
  3 fire elementals (Orc:2)
  3 dire elephant simulacra (IceCv)
  2 wargs
  3 redbacks
  5 vampire mosquitoes
  A yaktaur simulacrum (Vaults:3)
  A hydra simulacrum (IceCv)
  17 nagas
  An acid dragon (D:12)
  9 swamp worms
  3 water moccasins
  A hell hound (Orc:2)
  A swamp drake (Swamp:3)
  2 black bears (D:11)
  7 orc warriors
  A laughing skull (Vaults:3)
  9 wolves
  5 ogres
  2 human skeletons (Vaults:3)
  2 bullfrogs (Lair:3)
  2 wights (D:9)
  An elephant simulacrum (IceCv)
  3 killer bees (D:10)
  An electric eel (Snake:1)
  A jelly (Lair:4)
  3 orc priests
  5 orc wizards
  A polar bear simulacrum (IceCv)
  2 gnolls (D:9)
  An ufetubus (IceCv)
  3 orcs
  An endoplasm (Lair:4)
  A goblin (D:9)
  A foxfire (Lair:5)
547 creatures vanquished.

Vanquished Creatures (others)
  15 orc warlords
  12 orc high priests
  32 orc apostles
  23 orc knights
  A yaktaur skeleton (Vaults:3)
  An elf zombie (Vaults:3)
  31 orc warriors
  3 howler monkeys (D:12)
  13 orc priests
  2 orc wizards
  20 orcs
  7 ball lightnings (Zig:1)
  808 foxfires
968 creatures vanquished.

Grand Total: 2502 creatures vanquished

Notes
Turn   | Place    | Note
-------+----------+-------------------------------------------
     0 | D:1      | RBrandon the Mountain Dwarf Fire Elementalist began the
                  | quest for the Orb.
     0 | D:1      | Reached XP level 1. HP: 14/14 MP: 3/3
   287 | D:1      | Reached skill level 1 in Conjurations
   384 | D:1      | Found a faded altar of an unknown god.
   436 | D:1      | Reached XP level 2. HP: 20/20 MP: 0/5
  1346 | D:2      | Found Hiozot's Magic Scroll Shop.
  1370 | D:2      | Identified the +2 leather armour of Puckish Intercession
                  | {rC++ rCorr}
  1552 | D:2      | Reached XP level 3. HP: 26/26 MP: 4/7
  1555 | D:2      | Learned a level 2 spell: Scorch
  1684 | D:2      | Reached skill level 4 in Fire Magic
  2306 | D:3      | Noticed Robin
  2321 | D:3      | Killed Robin
  2322 | D:3      | Reached XP level 4. HP: 31/33 MP: 3/8
  2324 | D:3      | Reached skill level 5 in Fire Magic
  2527 | D:3      | Found Fiomal's Magic Scroll Emporium.
  2533 | D:3      | Became a worshipper of Beogh the Shepherd
  2674 | D:3      | Bought a scroll of blinking for 105 gold pieces
  2700 | D:3      | Reached skill level 6 in Fire Magic
  2700 | D:3      | Reached XP level 5. HP: 38/38 MP: 2/9
  2704 | D:3      | Learned a level 3 spell: Inner Flame
  2708 | D:3      | Learned a level 3 spell: Volatile Blastmotes
  2875 | D:3      | Identified the +2 pair of boots "Zaceza" {rPois rC+ Will+
                  | Int+3}
  3284 | D:4      | Found a shadowy altar of Dithmenos.
  3541 | D:4      | Reached * piety under Beogh
  3544 | D:4      | Reached skill level 7 in Fire Magic
  3808 | D:4      | Found a snail-covered altar of Cheibriados.
  3940 | D:5      | Entered Level 5 of the Dungeon
  3944 | D:5      | Reached XP level 6. HP: 45/45 MP: 7/10
  4092 | D:5      | Found a runed translucent door.
  4094 | D:5      | Noticed avangion's ghost (novice MiFi)
  4118 | D:5      | Reached skill level 8 in Fire Magic
  4149 | D:5      | Found a runed translucent door.
  4155 | D:5      | Reached skill level 9 in Fire Magic
  4155 | D:5      | Reached XP level 7. HP: 50/50 MP: 8/11
  4322 | D:5      | Found a broken altar of Ashenzari.
  4330 | D:5      | Reached skill level 10 in Fire Magic
  4550 | D:5      | Reached XP level 8. HP: 57/57 MP: 14/14
  4555 | D:5      | Learned a level 4 spell: Flame Wave
  4900 | D:6      | Found Rusanieq's Gadget Gallery.
  5062 | D:6      | Reached ** piety under Beogh
  5540 | D:7      | Found a staircase to the Ecumenical Temple.
  5548 | D:7      | Found Quhawn's Book Boutique.
  5686 | D:7      | Reached skill level 5 in Conjurations
  5778 | D:7      | Found a shimmering altar of Xom.
  5778 | D:7      | Found a shimmering altar of Xom.
  5778 | D:7      | Found a shimmering altar of Xom.
  5781 | D:7      | Found a shimmering altar of Xom.
  5781 | D:7      | Found a shimmering altar of Xom.
  6118 | D:7      | Found a sparkling altar of Nemelex Xobeh.
  6118 | D:7      | Found a transporter.
  6118 | D:7      | Noticed a troll
  6299 | D:8      | Reached skill level 5 in Invocations
  6299 | D:8      | Reached XP level 9. HP: 62/62 MP: 9/15
  6467 | D:8      | Identified the +0 robe of the Crypt {Fly rElec Int-2
                  | Stlth+}
  7319 | D:9      | Noticed Pikel
  7451 | D:9      | Killed an unseen horror
  7451 | D:9      | Reached *** piety under Beogh
  7452 | D:9      | Reached skill level 10 in Invocations
  7470 | D:9      | Noticed Ortolf
  7481 | D:9      | Anointed Ortolf the warrior as your apostle
  7491 | D:9      | Killed Pikel
  7549 | D:9      | Reached XP level 10. HP: 53/69 MP: 9/18
  7598 | D:9      | Found a flagged portal.
  7612 | Bailey   | Entered a bailey
  7664 | Bailey   | Was placed under penance by Beogh
  7670 | Bailey   | Reached skill level 5 in Armour
  7866 | Bailey   | Noticed a vault guard
  7866 | Bailey   | Noticed Prince Ribbit
  7875 | Bailey   | Killed Prince Ribbit
  7876 | Bailey   | Reached skill level 1 in Fighting
  7900 | Bailey   | Killed a vault guard
  7920 | Bailey   | Noticed a vault guard
  7937 | Bailey   | Killed a vault guard
  8201 | D:9      | Was forgiven by Beogh
  8382 | D:9      | Noticed a red ugly thing
  8393 | D:9      | Your ally Ortolf died
  8394 | D:9      | Killed a red ugly thing
  8395 | D:9      | Reached skill level 5 in Fighting
  8472 | D:9      | Reached XP level 11. HP: 86/86 MP: 19/19
  8673 | D:9      | Noticed Ugrim
  8685 | D:9      | Anointed Ugrim the warrior as your apostle
  9174 | D:10     | Entered Level 10 of the Dungeon
  9327 | D:10     | Reached skill level 10 in Armour
  9544 | D:10     | Found a sacrificial altar of Ru.
  9762 | D:10     | Was placed under penance by Beogh
  9986 | D:10     | Noticed a two-headed ogre
  9996 | D:10     | Killed a two-headed ogre
 10184 | D:10     | Noticed an orange crystal statue
 10520 | D:10     | Found a burning altar of Makhleb.
 10964 | D:11     | Noticed a death yak
 10977 | D:11     | Killed a death yak
 11115 | D:11     | Noticed Erolcha
 11124 | D:11     | Killed Erolcha
 11126 | D:11     | Noticed a two-headed ogre
 11134 | D:11     | Killed a two-headed ogre
 11170 | D:11     | Was forgiven by Beogh
 11171 | D:11     | Reached XP level 12. HP: 55/105 MP: 1/20
 11840 | D:11     | Reached skill level 10 in Fighting
 11867 | D:11     | Found a staircase to the Lair.
 12278 | Lair:1   | Entered Level 1 of the Lair of Beasts
 12282 | Lair:1   | Noticed a death yak
 12282 | Lair:1   | Noticed a death yak
 12283 | Lair:1   | Noticed a death yak
 12289 | Lair:1   | Killed a death yak
 12293 | Lair:1   | Killed a death yak
 12297 | Lair:1   | Killed a death yak
 12394 | Lair:1   | Noticed a death yak
 12394 | Lair:1   | Noticed a death yak
 12398 | Lair:1   | Noticed a death yak
 12399 | Lair:1   | Noticed a death yak
 12399 | Lair:1   | Noticed a death yak
 12402 | Lair:1   | Killed a death yak
 12407 | Lair:1   | Your ally Ugrim died
 12420 | Lair:1   | Killed a death yak
 12425 | Lair:1   | Your ally Ortolf died
 12434 | Lair:1   | Killed a death yak
 12487 | D:11     | Killed a death yak
 12488 | D:11     | Reached skill level 5 in Dodging
 12655 | Lair:1   | Killed a death yak
 12662 | Lair:1   | Noticed Harold
 12671 | Lair:1   | Killed Harold
 12890 | Lair:1   | Noticed a four-headed hydra
 12900 | Lair:1   | Killed a four-headed hydra
 13796 | Lair:2   | Learned a level 4 spell: Sticky Flame
 13879 | Lair:2   | Found a transporter.
 13971 | Lair:2   | Found a staircase to the Snake Pit.
 13982 | Lair:2   | Reached skill level 1 in Alchemy
 14220 | Lair:2   | Reached XP level 13. HP: 105/113 MP: 17/21
 14222 | Lair:2   | Reached **** piety under Beogh
 14377 | Lair:2   | Found a one-way gate to the infinite horrors of the Abyss.
 14387 | Lair:2   | Found a transporter.
 14416 | Lair:2   | Noticed NotBatman's ghost (journeyman TrFi)
 14840 | Lair:3   | Anointed Wardok the priest as your apostle
 14853 | Lair:3   | Noticed an eleionoma
 14862 | Lair:3   | Killed an eleionoma
 14863 | Lair:3   | Reached skill level 5 in Spellcasting
 14988 | Lair:3   | Found a staircase to the Swamp.
 15152 | Lair:3   | Learned a level 5 spell: Irradiate
 16187 | Lair:4   | Noticed bakla's ghost (journeyman VSBr)
 16189 | Lair:4   | Found a transporter.
 16642 | Lair:4   | Found a transporter.
 16823 | Lair:4   | Found a staircase to the Slime Pits.
 17046 | Lair:5   | Entered Level 5 of the Lair of Beasts
 17269 | Lair:5   | Reached skill level 5 in Alchemy
 17348 | Lair:5   | Reached ***** piety under Beogh
 17851 | Lair:5   | Reached XP level 14. HP: 99/121 MP: 25/25
 18137 | Lair:5   | Anointed Borgoth the priest as your apostle
 18407 | Lair:5   | Identified the staff of Plog {^Contam rC+ Str+4 Stlth+ Ice
                  | Air}
 18763 | Lair:5   | Reached skill level 11 in Fire Magic
 19510 | D:12     | Found a frozen archway.
 19556 | D:12     | Found a staircase to the Orcish Mines.
 19773 | IceCv    | Entered an ice cave
 19799 | IceCv    | Reached skill level 12 in Fire Magic
 20562 | IceCv    | Noticed a reaper
 20568 | IceCv    | Killed a reaper
 20569 | IceCv    | Reached skill level 13 in Fire Magic
 20867 | D:12     | Reached ****** piety under Beogh
 21068 | D:12     | Reached skill level 14 in Fire Magic
 21848 | Orc:1    | Entered Level 1 of the Orcish Mines
 22201 | Orc:1    | Found Toofram's General Store.
 22392 | Orc:2    | Entered Level 2 of the Orcish Mines
 22392 | Orc:2    | Noticed an orc warlord
 22392 | Orc:2    | Noticed Saint Roka
 22392 | Orc:2    | Found Nioguuta's Jewellery Emporium.
 22495 | Orc:2    | Found Reosiumn's Antique Armour Boutique.
 22521 | Orc:2    | Reached skill level 15 in Fire Magic
 22526 | Orc:2    | Your ally Borgoth died
 22529 | Orc:2    | Pacified Saint Roka
 22530 | Orc:2    | Your ally Ugrim died
 22646 | Orc:2    | Reached XP level 15. HP: 86/126 MP: 17/26
 22747 | Orc:2    | Bought a fine cloak for 304 gold pieces
 22747 | Orc:2    | Identified the -1 cloak of the Solstice {Slay+3 Stlth+}
                  | (You bought it in a shop on level 2 of the Orcish Mines)
 22747 | Orc:2    | Bought a warped scale mail for 288 gold pieces
 22747 | Orc:2    | Identified the +1 scale mail "Jorai" {*Corrode rF+ Dex+7
                  | Stlth+} (You bought it in a shop on level 2 of the Orcish
                  | Mines)
 22779 | Orc:2    | Found a runed translucent gate.
 22780 | Orc:2    | Found a runed translucent gate.
 22785 | Orc:2    | Found Zerig's Jewellery Shoppe.
 22791 | Orc:2    | Found a runed translucent gate.
 22797 | Orc:2    | Noticed Biggs's ghost (journeyman DjCj)
 22800 | Orc:2    | Found an iron altar of Okawaru.
 22824 | Orc:2    | Found Lanlufeg's Assorted Antiques.
 22828 | Orc:2    | Bought a scroll of blinking for 210 gold pieces
 22835 | Orc:2    | Found Lesaaxt's Armour Shoppe.
 22857 | Orc:2    | Found Momixoh's Book Emporium.
 22907 | Orc:2    | Noticed Donald
 22921 | Orc:2    | Killed Donald
 23357 | Orc:2    | Found Nowac's Antique Weapon Emporium.
 23446 | Orc:2    | Found a staircase to the Elven Halls.
 23513 | Orc:2    | Noticed Azrael
 23520 | Orc:2    | Your ally Wardok died
 23521 | Orc:2    | Killed Azrael
 23677 | Orc:2    | Found Ciwamure's General Store.
 23685 | Orc:2    | Bought a scroll of teleportation for 48 gold pieces
 23828 | Orc:2    | Reached skill level 16 in Fire Magic
 24301 | Snake:1  | Entered Level 1 of the Snake Pit
 24584 | Snake:1  | Reached skill level 1 in Shields
 25475 | Snake:1  | Reached skill level 5 in Shields
 26056 | Snake:1  | Anointed Learuk the priest as your apostle
 26731 | Snake:1  | Learned a level 8 spell: Ignition
 27367 | Snake:1  | Reached skill level 10 in Shields
 27912 | Snake:2  | Your ally Learuk died
 27930 | Snake:2  | Your ally Ugrim died
 27976 | Snake:2  | Reached XP level 16. HP: 48/134 MP: 8/27
 28402 | Snake:2  | Your ally Borgoth died
 29774 | Snake:2  | Reached skill level 17 in Fire Magic
 30479 | Snake:3  | Found Wesitur's Distillery.
 30489 | Snake:3  | Bought a potion of heal wounds for 70 gold pieces
 30489 | Snake:3  | Bought a potion of heal wounds for 70 gold pieces
 30489 | Snake:3  | Bought a potion of curing for 42 gold pieces
 30489 | Snake:3  | Bought a potion of haste for 140 gold pieces
 30489 | Snake:3  | Bought a potion of curing for 42 gold pieces
 30489 | Snake:3  | Bought a potion of haste for 140 gold pieces
 30489 | Snake:3  | Bought a potion of resistance for 140 gold pieces
 30660 | Snake:3  | Reached skill level 18 in Fire Magic
 30820 | Snake:3  | Found Voerr's Armour Shoppe.
 30826 | Snake:3  | Found Eqerinuh's Armour Emporium.
 30826 | Snake:3  | Found Waodass's Antique Weapon Shoppe.
 30839 | Snake:3  | Found Jefu's Assorted Antiques.
 30871 | Snake:3  | Anointed Bladwarg the priest as your apostle
 30883 | Snake:3  | Your ally Borgoth died
 30949 | Snake:3  | Bought a +0 cloak of willpower for 161 gold pieces
 31232 | Snake:3  | Reached skill level 19 in Fire Magic
 31596 | Snake:3  | Found Tyocuza's Magic Scroll Emporium.
 31916 | Snake:4  | Entered Level 4 of the Snake Pit
 33444 | Snake:4  | Your ally Borgoth died
 33450 | Snake:4  | Your ally Ugrim died
 33724 | Snake:4  | Reached XP level 17. HP: 143/143 MP: 28/28
 33792 | Snake:4  | Noticed Vashnia
 33798 | Snake:4  | Killed Vashnia
 33811 | Snake:4  | Found an iron altar of Okawaru.
 33825 | Snake:4  | Got a serpentine rune of Zot
 34029 | Swamp:1  | Entered Level 1 of the Swamp
 34254 | Swamp:1  | Identified the serpent talisman "Emynutiko" {rC+ rN+ rCorr
                  | Dex+3}
 34254 | Swamp:1  | Noticed Aizul
 34263 | Swamp:1  | Killed Aizul
 35211 | Swamp:2  | Found a white marble altar of Elyvilon.
 35468 | Swamp:2  | Reached skill level 20 in Fire Magic
 36192 | Swamp:3  | Noticed Mlioglotl
 36200 | Swamp:3  | Killed Mlioglotl
 36335 | Swamp:3  | Identified the +3 dagger of Recklessness {drain, MP+9}
 36728 | Swamp:3  | Reached skill level 21 in Fire Magic
 37251 | Swamp:4  | Entered Level 4 of the Swamp
 37446 | Swamp:4  | Identified the +4 scale mail of Qism {rPois rN+}
 37469 | Swamp:4  | Your ally Bladwarg died
 37471 | Swamp:4  | Your ally Borgoth died
 37781 | Swamp:4  | Your ally Ugrim died
 37808 | Swamp:4  | Reached skill level 22 in Fire Magic
 37856 | Swamp:4  | Reached XP level 18. HP: 82/151 MP: 14/29
 38222 | Swamp:4  | Identified the +0 sling of Perversion {elec, rElec rN+++
                  | Will- Int-3}
 38568 | Swamp:4  | Noticed a tentacled monstrosity
 38579 | Swamp:4  | Killed a tentacled monstrosity
 38985 | Swamp:4  | Got a decaying rune of Zot
 40018 | D:13     | Found a burning altar of Makhleb.
 40528 | D:14     | Identified the +10 falchion of the Unspeakable One {freeze,
                  | rPois Str+3}
 40589 | D:14     | Found a gate to the Vaults.
 41296 | D:15     | Entered Level 15 of the Dungeon
 42437 | D:15     | Found a staircase to the Depths.
 42622 | Vaults:1 | Entered Level 1 of the Vaults
 42701 | Vaults:1 | Reached skill level 10 in Spellcasting
 42727 | Vaults:1 | Found a portal to a secret trove of treasure.
 42845 | Vaults:1 | Identified the +3 dagger "Raolauf" {heavy, rF++}
 42845 | Vaults:1 | Identified the +0 robe "Opni" {Str+2 Int+3}
 42856 | Vaults:1 | Anointed Bogward the wizard as your apostle
 43730 | Vaults:1 | Identified the +2 leather armour of the Harvest {rC++}
 43921 | Vaults:1 | Reached XP level 19. HP: 158/158 MP: 29/34
 44381 | Vaults:2 | Noticed Norris
 44387 | Vaults:2 | Killed Norris
 44397 | Vaults:2 | Your ally Bogward died
 44403 | Vaults:2 | Noticed Margery
 44409 | Vaults:2 | Your ally Bladwarg died
 44410 | Vaults:2 | Your ally Ugrim died
 44412 | Vaults:2 | Noticed Jory
 44415 | Vaults:2 | Killed Margery
 44425 | Vaults:2 | Killed Jory
 44487 | Vaults:2 | Identified the orb of the Hippo {light, Str+4}
 44945 | Vaults:2 | Found Funaung's General Store.
 45113 | Vaults:2 | Noticed Sojobo
 45120 | Vaults:2 | Killed Sojobo
 45121 | Vaults:2 | Reached skill level 1 in Polearms
 45790 | Vaults:2 | Identified the +2 scimitar "Xungut" {drain, rElec Will-
                  | Dex+8}
 45910 | Vaults:2 | Identified the ring of the Heavens {Fly Int+3}
 46348 | Vaults:3 | Reached skill level 5 in Polearms
 47000 | Vaults:3 | Your ally Bogward died
 47126 | Vaults:3 | Your ally Bladwarg died
 47142 | Vaults:3 | Reached XP level 20. HP: 78/168 MP: 4/35
 47191 | Vaults:3 | Identified the +7 glaive "Asael" {freeze, rF- rC+ Stlth+}
 47191 | Vaults:3 | Identified the +10 chain mail of Foolhardiness {+Inv rElec
                  | rCorr MP+9}
 47202 | Vaults:3 | Your ally Ugrim died
 47213 | Vaults:3 | Anointed Bogwald the warrior as your apostle
 47357 | Vaults:3 | Noticed Frederick
 47411 | Vaults:3 | Your ally Bogwald died
 47421 | Vaults:3 | Killed Frederick
 47485 | Vaults:3 | Reached skill level 10 in Polearms
 47717 | Vaults:3 | Found a staircase to the Crypt.
 47807 | Vaults:3 | Identified the orb of Unreason {light, Regen+}
 48030 | Vaults:3 | Found Xeheq's Weapon Boutique.
 49116 | Vaults:4 | Reached skill level 1 in Evocations
 49431 | Vaults:4 | Found a large runed translucent door.
 49431 | Vaults:4 | Found a large runed translucent door.
 49432 | Vaults:4 | Noticed Zuiczola's ghost (adept DrAl)
 49484 | Vaults:4 | Found Igryir's Assorted Antiques.
 49582 | Vaults:4 | Reached skill level 15 in Armour
 50394 | Vaults:5 | Entered Level 5 of the Vaults
 50474 | Vaults:5 | Reached XP level 21. HP: 160/179 MP: 16/36
 50560 | Vaults:5 | Learned a level 6 spell: Starburst
 50611 | Vaults:5 | Reached skill level 5 in Evocations
 50748 | Vaults:5 | Noticed a golden dragon
 50766 | Vaults:5 | Killed a golden dragon
 50857 | Vaults:5 | Identified the +2 flail "Muattex" {holy, rElec rN+ rCorr
                  | Int-5}
 50896 | Vaults:5 | Identified the +1 leather armour of Fallacy {Slay+3}
 50898 | Vaults:5 | Your ally Bogward died
 50902 | Vaults:5 | Identified the +11 long sword "Guikira" {holy, rElec rF+
                  | Str+4}
 50987 | Vaults:5 | Identified the +5 morningstar of the Sun {flame, rElec}
 51011 | Vaults:5 | Noticed a golden dragon
 51018 | Vaults:5 | Killed a golden dragon
 51025 | Vaults:5 | Reached skill level 15 in Shields
 51360 | Vaults:5 | Noticed a dread lich
 51366 | Vaults:5 | Noticed a golden dragon
 51373 | Vaults:5 | Killed a dread lich
 51379 | Vaults:5 | Killed a golden dragon
 51380 | Vaults:5 | Reached skill level 15 in Invocations
 51390 | Vaults:5 | Your ally Bogward died
 51398 | Vaults:5 | Your ally Ugrim died
 51405 | Vaults:5 | Identified the staff of Ostyat {rF+ Dex+4 SInv Fire Air}
 51716 | Vaults:5 | Got a silver rune of Zot
 51755 | Vaults:5 | Identified the +6 rapier "Osed" {freeze, +Blink Str+3}
 51913 | Vaults:5 | Identified the +5 ring mail "Puimasaja" {rC+ Will+}
 51944 | Vaults:5 | Got the Directory of Intoxication
 51948 | Vaults:5 | Got the Lectures on Cohobation and Profane Arts
 52548 | Depths:1 | Entered Level 1 of the Depths
 53058 | Depths:1 | Got the Catalogue of Destiny
 53060 | Depths:1 | Got the Secrets of Metallic Formulae
 53220 | Depths:1 | Reached skill level 15 in Fighting
 53346 | Depths:1 | Reached XP level 22. HP: 180/192 MP: 20/37
 53558 | Depths:1 | Found a gateway to Hell.
 53564 | Depths:1 | Identified the amulet of Lesser Demons {Reflect rF+ Str+5
                  | Dex+2 Slay-2 SH+5}
 53737 | Depths:2 | Identified the +4 robe "Ufomm" {Will++}
 53737 | Depths:2 | Noticed Boris
 53739 | Depths:2 | Identified the ring of Wirew {Ice Str+2 Int+2}
 53739 | Depths:2 | Noticed Josephina
 53742 | Depths:2 | Your ally Ugrim died
 53849 | Depths:2 | Noticed Mara
 54001 | Depths:2 | Killed Boris
 54001 | Depths:2 | Killed Mara
 54022 | Depths:2 | Your ally Bogwald died
 54329 | Depths:2 | Noticed Nikola
 54337 | Depths:2 | Killed Nikola
 54848 | Depths:2 | Killed Josephina
 55177 | Depths:2 | Identified the +1 leather armour "Munymm" {rC+ Stlth+}
 55178 | Depths:2 | Identified the +2 great mace of Recklessness {flame, rElec
                  | rF+ Will+}
 55286 | Depths:2 | Your ally Bogward died
 55453 | Depths:2 | Found a radiant altar of Vehumet.
 55492 | Depths:2 | Found a one-way gate leading to the halls of Pandemonium.
 55662 | Depths:2 | Anointed Hilgar the priest as your apostle
 56053 | Depths:2 | Your ally Hilgar died
 56520 | Depths:3 | Your ally Bogwald died
 56522 | Depths:3 | Your ally Ugrim died
 57026 | Depths:3 | Identified the +5 hand axe of Causality {speed, rN++ Dex+4}
 57138 | Depths:3 | Identified the +5 great sword of Moigogeph {flame, Str+3
                  | Dex+3 Stlth+}
 57324 | Depths:3 | Noticed a caustic shrike
 57334 | Depths:3 | Killed a caustic shrike
 57335 | Depths:3 | Your ally Hilgar died
 57363 | Depths:3 | Noticed a juggernaut
 57381 | Depths:3 | Killed a juggernaut
 57382 | Depths:3 | Reached XP level 23. HP: 99/204 MP: 9/38
 57890 | Depths:3 | Identified a scroll of acquirement
 57899 | Depths:3 | Acquired Sif Muna's Tome of the Tempestuous Volcano
 58091 | Depths:3 | Found a one-way gateway to a ziggurat.
 58091 | Depths:3 | Noticed a dread lich
 58096 | Depths:3 | Killed a dread lich
 58151 | Zig:1    | Entered Level 1 of a ziggurat
 58151 | Zig:1    | Noticed Gafraure the pandemonium lord
 58162 | Zig:1    | Killed by an exploding ball lightning

Illustrated notes

Levels and vault maps discovered:
D:1:      wander_arrival_desolate, layout_basic, ebering_ecumenical_altar_box,
          minmay_pentomino_z2
D:2:      layout_basic, serial_shops, shop
D:3:      layout_rooms, serial_shops, shop, grunt_decor_resistance, uniq_robin
D:4:      layout_rooms, chei_slow_surprise, kennysheep_mini, serial_bayou_lake_a
D:5:      layout_cave_pools, lemuel_coloured_pillars_altar,
          ebering_ghost_sewer_f
D:6:      layout_gridville, nicolae_shop_gadgets
D:7:      layout_loops_ring, mainiacjoe_overflow_alcove_4,
          grunt_nemelex_the_gamble, xom_shifter_show, minmay_temple_entry_ruins,
          serial_shops, shop
D:8:      layout_basic
D:9:      kennysheep_blocky_room, layout_basic, enter_bailey_3,
          serial_bayou_pond_a, uniq_pikel
D:10:     layout_layer_cave, mainiacjoe_overflow_tiny_flanked,
          lemuel_round_altar, minivault_16
D:11:     layout_loops_corners, dpeg_lair_monsters, uniq_erolcha
D:12:     layout_cave_pods, orc_0_dummy, portal_ice_cave_entry_pillars_1
D:13:     layout_irregular_city, nicolae_nh_vlads_tower
D:14:     layout_gridville, erik_vaults_1, dreamdust_wishing_well
D:15:     grunt_enter_depths_hoard, layout_basic, minmay_misc_feat_plants,
          nzn_life_drinkers
Lair:1:   layout_roguey, infiniplex_staircase_pool_2, uniq_harold
Lair:2:   layout_roguey, minmay_snake_entry_guardpost_small,
          gammafunk_ghost_abyssal_escape
Lair:3:   layout_big_grid, alex1729_swamp_entry_worm_eleionoma, st_stairs_5
Lair:4:   layout_cave_pods, slime_entry_2, gammafunk_ghost_arena,
          kilobyte_rumbling_trees
Lair:5:   evilmike_catoblepas_cave, layout_hall_layers, serial_bayou_pond_d,
          lemuel_fruit_fields
Swamp:1:  nicolae_swamp_wrong_neighborhood, layout_basic_swamp,
          hangedman_swamp_blocks, uniq_aizul
Swamp:2:  nicolae_swamp_secret_spriggan_hideout, layout_falls_marsh, basic_altar
Swamp:3:  layout_basic_swamp, evilmike_swamp_ruin_house_1, uniq_mlioglotl
Swamp:4:  swamp_vile, layout_basic_swamp
Snake:1:  kennysheep_snake, layout_layer_cave, statue_in_the_mist_lemuel,
          nicolae_triple_integral, serial_bayou_shore_a
Snake:2:  layout_rooms, st_stairs_12, grunt_megastairs_1
Snake:3:  layout_cave_pods, serial_shops, nicolae_stop_n_shop_1,
          nicolae_stop_n_shop_2, minmay_shoptagon, grunt_megastairs_5
Snake:4:  grunt_snake_rune_serpentine_throne, layout_layer_cave, drop_trap
Orc:1:    layout_caves, serial_shops, nicolae_shop_tiny_glass
Orc:2:    grunt_orc_gardens, layout_caves, grunt_orc_garden, grunt_orc_garden,
          grunt_orc_garden, grunt_orc_garden, gammafunk_ghost_fury_of_okawaru,
          serial_shops, shop, nicolae_shop_back_alley_shop,
          nicolae_shop_tiny_statue_garden, shop, uniq_azrael, uniq_saint_roka,
          uniq_donald
Vaults:1: v_rooms_3, vaults_room_grid, nicolae_vaults_theta,
          vaults_room_grunt_arrival_ludios, nicolae_vaults_door_testing_chamber,
          vaults_dpeg_encased_lava, hangedman_vaults_slice,
          vaults_mumra_minichess, v_misc_33,
          nicolae_vaults_trapezoid_lopsided_1, nicolae_vaults_tetromino_Z_2,
          nicolae_vaults_double_plus_1, nicolae_vaults_tetromino_T_1, v_misc_25,
          vaults_mumra_lcd, layout_vaults_big_cross,
          nicolae_trove_entry_isolated
Vaults:2: nicolae_vaults_offset_grid_hallway_3,
          nicolae_vaults_corridor_and_loot_room, nicolae_vaults_little_ls,
          hangedman_vaults_slice, nicolae_vaults_trapezoid_4, v_misc_13,
          vaults_dpeg_ring, layout_vaults_chaotic_city, serial_shops, shop,
          uniq_norris, uniq_sojobo, uniq_jory, uniq_margery
Vaults:3: nicolae_vaults_tetromino_L_1, serial_ice_b, v_misc_12,
          nicolae_vaults_hexular_roomagon,
          nicolae_vaults_good_morning_starshine, minmay_crypt_entry_simple_box,
          nicolae_vaults_mitosis, hangedman_vaults_slither,
          nicolae_vaults_taking_the_gang_shopping, v_misc_5, v_pattern_4,
          v_misc_22, layout_vaults_maze_bifur, uniq_frederick
Vaults:4: ebering_ghost_disaster_area, lemuel_ogre_cave, vaults_dpeg_hooks,
          vaults_room_octagon, nicolae_vaults_little_squares_2,
          grunt_vaults_focal, nicolae_vaults_double_plus_2,
          nicolae_vaults_closet_pinwheel_4, nicolae_vaults_house_2,
          vaults_room_hallway, nicolae_vaults_double_plus_1,
          nicolae_vaults_doubleplus_tesselated, nicolae_vaults_yaktaur_gun_rack,
          nicolae_vaults_six-pack, vaults_room_stairs_pillars,
          layout_vaults_omnibox, serial_shops, shop
Vaults:5
Depths:1: minmay_inner_zag, layout_cave_shapes, minmay_door_square,
          hangedman_abyss_entry_splay, hell_entry,
          cheibrodos_lost_city_excavation
Depths:2: nzn_winding_woodlands_large [nzn_winding_woodlands_5x5_open_star,
          nzn_winding_woodlands_5x15_pool, nzn_winding_woodlands_5x5_cross,
          nzn_winding_woodlands_center_diamonds,
          nzn_winding_woodlands_15x15_boxy_spiral,
          nzn_winding_woodlands_center_lodge,
          nzn_winding_woodlands_5x5_closed_star,
          nzn_winding_woodlands_5x15_jagged, nzn_winding_woodlands_5x5_three],
          layout_twisted_cross, hell_entry,
          nicolae_abyss_entry_one_way_or_another, nicolae_vehumet_radiance,
          pan_entry, uniq_nikola, uniq_josephina, uniq_mara, uniq_boris
Depths:3: hangedman_cross_cluster, layout_cave_pools, enter_ziggurat_c,
          grunt_decor_mini_mirrors, abyss_entry, grunt_mini_vestibule,
          minmay_starry_boxes
Zig:1

Skill      XL: |  1  2  3  4  5  6  7  8  9 10 11 12 13 14 15 16 17 18 19 20 21 22 23 |
---------------+----------------------------------------------------------------------+-----
Conjurations   | 1 5 |  5.2
Spellcasting   | 2 4 7 11 | 11.9
Fire Magic     | 4 6 7 9 10 15 16 19 22 | 22.8
Invocations    | 5 10 11 12 13 16 18 | 18.4
Armour         | 4 9 12 13 14 15 16 18 | 18.5
Fighting       | 5 9 10 11 12 13 15 16 17 | 17.1
Dodging        | 6 7 8 9 |  9.3
Alchemy        | 2 7 8 |  8.9
Shields        | 11 13 14 15 | 15.0
Polearms       | 9 12 | 12.0
Evocations     | 4 8 |  8.0
Stealth        | |  1.5

Action                     |  1- 3 |  4- 6 |  7- 9 | 10-12 | 13-15 | 16-18 | 19-21 | 22-24 || total
---------------------------+-------+-------+-------+-------+-------+-------+-------+-------++-------
  Melee: Spear             |    33 |       |       |       |       |       |       |       ||    33
         Whip              |    27 |     8 |    19 |    92 |   137 |       |       |       ||   283
         Demon trident     |       |       |       |       |   113 |   256 |     8 |       ||   377
         Lance             |       |       |       |       |       |       |   426 |   344 ||   770
   Cast: Foxfire           |    62 |    94 |   120 |   121 |    69 |       |       |       ||   466
         Scorch            |       |     6 |    35 |   123 |   227 |   177 |    37 |    10 ||   615
         Inner Flame       |       |       |     8 |    23 |     4 |     4 |     1 |       ||    40
         Volatile Blastmot |       |       |     8 |    17 |     4 |     2 |       |       ||    31
         Flame Wave        |       |       |     3 |    12 |     6 |    17 |     8 |       ||    46
         Sticky Flame      |       |       |       |     3 |   101 |   162 |    71 |    14 ||   351
         Irradiate         |       |       |       |       |    13 |    21 |     5 |     4 ||    43
         Ignition          |       |       |       |       |       |    15 |    48 |    32 ||    95
         Starburst         |       |       |       |       |       |       |       |    14 ||    14
 Invoke: Convert to Beogh  |       |     1 |       |       |       |       |       |       ||     1
         Recruit Apostle   |       |       |     1 |     1 |     3 |     2 |     1 |     1 ||     9
         Smiting           |       |       |     1 |       |    25 |    24 |     8 |     9 ||    67
         Recall Apostles   |       |       |       |     2 |     4 |    14 |     1 |     2 ||    23
         Dismiss Apostle   |       |       |       |       |     2 |     2 |     1 |     1 ||     6
         Blood for Blood   |       |       |       |       |       |     2 |     4 |     1 ||     7
  Evoke: Wand              |       |       |       |     7 |    13 |     2 |     4 |     2 ||    28
         Phial of floods   |       |       |       |       |       |       |     1 |     1 ||     2
    Use: Scroll            |       |       |     8 |       |    21 |     9 |     2 |     1 ||    41
         Potion            |       |       |       |     2 |     4 |     3 |     6 |     2 ||    17
   Stab: Sleeping          |     1 |       |       |       |       |       |       |       ||     1
         Invisible         |       |       |       |     2 |       |       |       |       ||     2
         Distracted        |       |       |       |       |     6 |     4 |     8 |     8 ||    26
 Armour: Robe              |     7 |       |       |       |       |       |       |       ||     7
         Ring mail         |    17 |       |       |       |       |       |       |       ||    17
         Leather armour    |    18 |     8 |    15 |       |       |       |       |       ||    41
         Quicksilver drago |       |       |    32 |   187 |   414 |   576 |   426 |   243 ||  1878
  Dodge: Dodged            |    30 |     8 |    32 |   111 |   261 |   299 |   270 |   100 ||  1111
  Block: Kite shield       |       |       |       |       |    98 |   413 |   352 |   150 ||  1013

Table legend: (Time is in decaauts)
 A = Elapsed time spent in this place.
 B = Non-inter-level travel time spent in this place.
 C = Inter-level travel time spent in this place.
 D = Time resting spent in this place.
 E = Time spent auto-exploring this place.
 F = Levels seen in this place.
 G = Mean time per level.
                   A        B        C        D        E       F      G
               +--------+--------+--------+--------+--------+-----+--------+
         Total |  58168 |  55786 |   2382 |  14727 |  31225 |  41 | 1418.7 |
       Dungeon |  17172 |  16266 |    906 |   1854 |  12037 |  15 | 1144.8 |
          Lair |   7315 |   6982 |    333 |   1138 |   4847 |   5 | 1463.0 |
         Swamp |   5158 |   4976 |    182 |   1876 |   2003 |   4 | 1289.5 |
     Snake Pit |   9538 |   9117 |    421 |   3226 |   4284 |   4 | 2384.5 |
  Orcish Mines |   2304 |   2233 |     71 |    795 |   1032 |   2 | 1152.0 |
        Vaults |   9803 |   9477 |    326 |   2450 |   4985 |   5 | 1960.6 |
        Depths |   5429 |   5289 |    140 |   2606 |   1727 |   3 | 1809.7 |
      Ziggurat |     10 |     10 |      0 |      0 |      0 |   1 |   10.0 |
        Bailey |    460 |    460 |      0 |    288 |     31 |   1 |  460.0 |
      Ice Cave |    976 |    976 |      0 |    494 |    279 |   1 |  976.0 |
               +--------+--------+--------+--------+--------+-----+--------+

Top non-repeatable levels by time:
 Snake:1: 3953 daAuts
Vaults:3: 2451 daAuts
  Lair:5: 2262 daAuts
Depths:2: 2191 daAuts
 Snake:4: 2001 daAuts
Vaults:2: 1995 daAuts
Vaults:5: 1965 daAuts
    D:11: 1940 daAuts
Depths:1: 1843 daAuts
 Snake:3: 1835 daAuts
 Swamp:4: 1804 daAuts
Vaults:1: 1755 daAuts
 Snake:2: 1747 daAuts
   Orc:2: 1728 daAuts
Vaults:4: 1634 daAuts

Levels and vault maps discovered:
D:1:      wander_arrival_desolate, layout_basic, ebering_ecumenical_altar_box,
          minmay_pentomino_z2
D:2:      layout_basic, serial_shops, shop
D:3:      layout_rooms, serial_shops, shop, grunt_decor_resistance, uniq_robin
D:4:      layout_rooms, chei_slow_surprise, kennysheep_mini, serial_bayou_lake_a
D:5:      layout_cave_pools, lemuel_coloured_pillars_altar,
          ebering_ghost_sewer_f
D:6:      layout_gridville, nicolae_shop_gadgets
D:7:      layout_loops_ring, mainiacjoe_overflow_alcove_4,
          grunt_nemelex_the_gamble, xom_shifter_show, minmay_temple_entry_ruins,
          serial_shops, shop
D:8:      layout_basic
D:9:      kennysheep_blocky_room, layout_basic, enter_bailey_3,
          serial_bayou_pond_a, uniq_pikel
D:10:     layout_layer_cave, mainiacjoe_overflow_tiny_flanked,
          lemuel_round_altar, minivault_16
D:11:     layout_loops_corners, dpeg_lair_monsters, uniq_erolcha
D:12:     layout_cave_pods, orc_0_dummy, portal_ice_cave_entry_pillars_1
D:13:     layout_irregular_city, nicolae_nh_vlads_tower
D:14:     layout_gridville, erik_vaults_1, dreamdust_wishing_well
D:15:     grunt_enter_depths_hoard, layout_basic, minmay_misc_feat_plants,
          nzn_life_drinkers
Lair:1:   layout_roguey, infiniplex_staircase_pool_2, uniq_harold
Lair:2:   layout_roguey, minmay_snake_entry_guardpost_small,
          gammafunk_ghost_abyssal_escape
Lair:3:   layout_big_grid, alex1729_swamp_entry_worm_eleionoma, st_stairs_5
Lair:4:   layout_cave_pods, slime_entry_2, gammafunk_ghost_arena,
          kilobyte_rumbling_trees
Lair:5:   evilmike_catoblepas_cave, layout_hall_layers, serial_bayou_pond_d,
          lemuel_fruit_fields
Swamp:1:  nicolae_swamp_wrong_neighborhood, layout_basic_swamp,
          hangedman_swamp_blocks, uniq_aizul
Swamp:2:  nicolae_swamp_secret_spriggan_hideout, layout_falls_marsh, basic_altar
Swamp:3:  layout_basic_swamp, evilmike_swamp_ruin_house_1, uniq_mlioglotl
Swamp:4:  swamp_vile, layout_basic_swamp
Snake:1:  kennysheep_snake, layout_layer_cave, statue_in_the_mist_lemuel,
          nicolae_triple_integral, serial_bayou_shore_a
Snake:2:  layout_rooms, st_stairs_12, grunt_megastairs_1
Snake:3:  layout_cave_pods, serial_shops, nicolae_stop_n_shop_1,
          nicolae_stop_n_shop_2, minmay_shoptagon, grunt_megastairs_5
Snake:4:  grunt_snake_rune_serpentine_throne, layout_layer_cave, drop_trap
Orc:1:    layout_caves, serial_shops, nicolae_shop_tiny_glass
Orc:2:    grunt_orc_gardens, layout_caves, grunt_orc_garden, grunt_orc_garden,
          grunt_orc_garden, grunt_orc_garden, gammafunk_ghost_fury_of_okawaru,
          serial_shops, shop, nicolae_shop_back_alley_shop,
          nicolae_shop_tiny_statue_garden, shop, uniq_azrael, uniq_saint_roka,
          uniq_donald
Vaults:1: v_rooms_3, vaults_room_grid, nicolae_vaults_theta,
          vaults_room_grunt_arrival_ludios, nicolae_vaults_door_testing_chamber,
          vaults_dpeg_encased_lava, hangedman_vaults_slice,
          vaults_mumra_minichess, v_misc_33,
          nicolae_vaults_trapezoid_lopsided_1, nicolae_vaults_tetromino_Z_2,
          nicolae_vaults_double_plus_1, nicolae_vaults_tetromino_T_1, v_misc_25,
          vaults_mumra_lcd, layout_vaults_big_cross,
          nicolae_trove_entry_isolated
Vaults:2: nicolae_vaults_offset_grid_hallway_3,
          nicolae_vaults_corridor_and_loot_room, nicolae_vaults_little_ls,
          hangedman_vaults_slice, nicolae_vaults_trapezoid_4, v_misc_13,
          vaults_dpeg_ring, layout_vaults_chaotic_city, serial_shops, shop,
          uniq_norris, uniq_sojobo, uniq_jory, uniq_margery
Vaults:3: nicolae_vaults_tetromino_L_1, serial_ice_b, v_misc_12,
          nicolae_vaults_hexular_roomagon,
          nicolae_vaults_good_morning_starshine, minmay_crypt_entry_simple_box,
          nicolae_vaults_mitosis, hangedman_vaults_slither,
          nicolae_vaults_taking_the_gang_shopping, v_misc_5, v_pattern_4,
          v_misc_22, layout_vaults_maze_bifur, uniq_frederick
Vaults:4: ebering_ghost_disaster_area, lemuel_ogre_cave, vaults_dpeg_hooks,
          vaults_room_octagon, nicolae_vaults_little_squares_2,
          grunt_vaults_focal, nicolae_vaults_double_plus_2,
          nicolae_vaults_closet_pinwheel_4, nicolae_vaults_house_2,
          vaults_room_hallway, nicolae_vaults_double_plus_1,
          nicolae_vaults_doubleplus_tesselated, nicolae_vaults_yaktaur_gun_rack,
          nicolae_vaults_six-pack, vaults_room_stairs_pillars,
          layout_vaults_omnibox, serial_shops, shop
Vaults:5
Depths:1: minmay_inner_zag, layout_cave_shapes, minmay_door_square,
          hangedman_abyss_entry_splay, hell_entry,
          cheibrodos_lost_city_excavation
Depths:2: nzn_winding_woodlands_large [nzn_winding_woodlands_5x5_open_star,
          nzn_winding_woodlands_5x15_pool, nzn_winding_woodlands_5x5_cross,
          nzn_winding_woodlands_center_diamonds,
          nzn_winding_woodlands_15x15_boxy_spiral,
          nzn_winding_woodlands_center_lodge,
          nzn_winding_woodlands_5x5_closed_star,
          nzn_winding_woodlands_5x15_jagged, nzn_winding_woodlands_5x5_three],
          layout_twisted_cross, hell_entry,
          nicolae_abyss_entry_one_way_or_another, nicolae_vehumet_radiance,
          pan_entry, uniq_nikola, uniq_josephina, uniq_mara, uniq_boris
Depths:3: hangedman_cross_cluster, layout_cave_pools, enter_ziggurat_c,
          grunt_decor_mini_mirrors, abyss_entry, grunt_mini_vestibule,
          minmay_starry_boxes
Zig:1

Table legend: (Time is in decaauts)
 A = Elapsed time spent in this place.
 B = Non-inter-level travel time spent in this place.
 C = Inter-level travel time spent in this place.
 D = Time resting spent in this place.
 E = Time spent auto-exploring this place.
 F = Levels seen in this place.
 G = Mean time per level.
                   A        B        C        D        E       F      G
               +--------+--------+--------+--------+--------+-----+--------+
         Total |  58168 |  55786 |   2382 |  14727 |  31225 |  41 | 1418.7 |
       Dungeon |  17172 |  16266 |    906 |   1854 |  12037 |  15 | 1144.8 |
          Lair |   7315 |   6982 |    333 |   1138 |   4847 |   5 | 1463.0 |
         Swamp |   5158 |   4976 |    182 |   1876 |   2003 |   4 | 1289.5 |
     Snake Pit |   9538 |   9117 |    421 |   3226 |   4284 |   4 | 2384.5 |
  Orcish Mines |   2304 |   2233 |     71 |    795 |   1032 |   2 | 1152.0 |
        Vaults |   9803 |   9477 |    326 |   2450 |   4985 |   5 | 1960.6 |
        Depths |   5429 |   5289 |    140 |   2606 |   1727 |   3 | 1809.7 |
      Ziggurat |     10 |     10 |      0 |      0 |      0 |   1 |   10.0 |
        Bailey |    460 |    460 |      0 |    288 |     31 |   1 |  460.0 |
      Ice Cave |    976 |    976 |      0 |    494 |    279 |   1 |  976.0 |
               +--------+--------+--------+--------+--------+-----+--------+

Top non-repeatable levels by time:
 Snake:1: 3953 daAuts
Vaults:3: 2451 daAuts
  Lair:5: 2262 daAuts
Depths:2: 2191 daAuts
 Snake:4: 2001 daAuts
Vaults:2: 1995 daAuts
Vaults:5: 1965 daAuts
    D:11: 1940 daAuts
Depths:1: 1843 daAuts
 Snake:3: 1835 daAuts
 Swamp:4: 1804 daAuts
Vaults:1: 1755 daAuts
 Snake:2: 1747 daAuts
   Orc:2: 1728 daAuts
Vaults:4: 1634 daAuts

Table legend:
 A = Kills in this place as a percentage of kills in the entire game.
 B = Kills by you in this place as a percentage of kills by you in the entire game.
 C = Kills by friends in this place as a percentage of kills by friends in the entire game.
 D = Other kills in this place as a percentage of other kills in the entire game.
 E = Experience gained in this place as a percentage of experience gained in the entire game.
 F = Experience gained in this place divided by the number of levels of this place that you have seen.
                   A       B       C       D       E      F
               +-------+-------+-------+-------+-------+----------------------
         Total | 100.0 | 100.0 | 100.0 | 100.0 | 100.0 | 21000.2
       Dungeon |  22.0 |  28.6 |   9.7 |  50.0 |   7.4 | 4242.3
          Lair |  10.7 |   8.9 |  13.9 |   0.0 |   6.3 | 10877.4
         Swamp |   9.4 |   7.7 |  12.6 |   0.0 |   9.0 | 19355.2
     Snake Pit |  13.9 |  13.0 |  15.6 |   0.0 |  13.3 | 28612.5
  Orcish Mines |   2.8 |   1.6 |   4.8 |  25.0 |   1.5 | 6629.5
        Vaults |  26.4 |  26.1 |  27.0 |  25.0 |  39.3 | 67639.4
        Depths |  11.9 |  10.9 |  13.8 |   0.0 |  21.9 | 62944.3
        Bailey |   1.3 |   2.0 |   0.0 |   0.0 |   0.5 | 4148.0
      Ice Cave |   1.6 |   1.1 |   2.6 |   0.0 |   0.8 | 6678.0
               +-------+-------+-------+-------+-------+----------------------
